 Dungeon Crawl Stone Soup version 0.26-a0-257-g47e9e61525 (webtiles) character file.

Game seed: 9650820615024461868

30172 Infinimo the Brawler (level 13, -4/124 HPs)
             Began as a Ghoul Monk on July 10, 2020.
             Was the Champion of Makhleb.
             Slain by a fire crab (5 damage)
             ... on level 4 of the Lair of Beasts.
             The game lasted 00:32:38 (20001 turns).

Infinimo the Brawler (Ghoul Monk)                  Turns: 20001, Time: 00:32:39

Health: -4/124     AC: 13    Str: 22    XL:     13   Next: 50%
Magic:  12/12      EV: 11    Int:  5    God:    Makhleb [******]
Gold:   782        SH:  5    Dex: 11    Spells: 12/12 levels left

rFire    + + .     SeeInvis .     - Unarmed
rCold    + + +     Faith    .   (no shield)
rNeg     + + +     Spirit   .   s - +0 plate armour
rPois    ∞         Reflect  +   n - +1 hat
rElec    +         Harm     .   y - +0 cloak (curse)
rCorr    +                      a - +0 pair of gloves
MR       .....                  (no boots)
Stlth    ..........             m - amulet "Solafop" {Reflect *Contam rC+++ Str+2 SH+5}
HPRegen  0.00/turn              t - +4 ring of evasion
MPRegen  0.13/turn              u - ring of protection from fire

@: resistant, vulnerable, rotting
A: rotting body, claws 1, carnivore, cold resistance 1, negative energy
resistance 3, inhibited regeneration, torment resistance, unbreathing
a: Minor Destruction, Lesser Servant of Makhleb, Major Destruction, Greater
Servant of Makhleb, Renounce Religion


You were on level 4 of the Lair of Beasts.
You worshipped Makhleb.
Makhleb was exalted by your worship.
You were not hungry.

You visited 3 branches of the dungeon, and saw 16 of its levels.

You collected 782 gold pieces.

Inventory:

Armour
 a - a +0 pair of gloves (worn)
 n - a +1 hat (worn)
 s - a +0 plate armour (worn)
 y - a cursed +0 cloak (worn)
Jewellery
 f - a cursed amulet of faith
 l - an uncursed ring of resist corrosion
 m - the amulet "Solafop" (around neck) {Reflect *Contam rC+++ Str+2 SH+5}
   (You took it off an orc on level 6 of the Dungeon)

   [amulet of reflection]

   It shields you and reflects attacks.
   It affects your strength (+2).
   It renders you almost immune to cold.
   It causes magical contamination when unequipped.
   It affects your SH (+5).
 t - a +4 ring of evasion (left hand)
 u - a ring of protection from fire (right hand)
 x - an uncursed amulet of the acrobat {unknown}
 z - an uncursed amulet of guardian spirit {unknown}
Scrolls
 b - 8 scrolls of identify
 e - 2 scrolls of enchant weapon
 h - 6 scrolls of remove curse
 q - 3 scrolls of enchant armour
 v - 3 scrolls of fog
 A - 3 scrolls of amnesia
 B - 4 scrolls of magic mapping
Potions
 c - 5 potions of magic
 d - 3 potions of degeneration
 g - 3 potions of mutation
 i - a potion of brilliance {unknown}
 j - a potion of ambrosia {unknown}
 k - 3 potions of stabbing
 o - a potion of flight
 p - a potion of resistance
 r - a potion of curing
 w - 5 potions of lignification
 D - a potion of might
 E - a potion of invisibility


   Skills:
 + Level 14.1 Fighting
 * Level 1.3 Armour
 - Level 2.7 Dodging
 - Level 2.1 Stealth
 * Level 18.8 Unarmed Combat


You had 12 spell levels left.
You didn't know any spells.
Your spell library contained the following spells:

 Spells                   Type           Power        Failure   Level
 Corona                   Hex            #......      100%        1
 Foxfire                  Conj/Fire      #...         100%        1
 Shock                    Conj/Air       #...         100%        1
 Ensorcelled Hibernation  Hex/Ice        #.....       100%        2
 Swiftness                Chrm/Air       #.......     100%        2
 Confusing Touch          Hex            #.......     100%        3
 Conjure Flame            Conj/Fire      #.......     100%        3
 Dazzling Flash           Conj/Hex       #.....       100%        3
 Inner Flame              Hex/Fire       #.......     100%        3
 Static Discharge         Conj/Air       #.......     100%        3
 Tukima's Dance           Hex            #.......     100%        3
 Airstrike                Air            #.........   100%        4
 Sticky Flame             Conj/Fire      #.......     100%        4
 Fireball                 Conj/Fire      #.........   100%        5
 Lightning Bolt           Conj/Air       #.........   100%        5


Dungeon Overview and Level Annotations

Branches:
Dungeon (11/15)            Temple (1/1) D:4            Lair (4/6) D:11
  Swamp (0/4) Lair:4       Spider (0/4) Lair:2          Orc (0/2) D:9

Altars:
Ashenzari
Cheibriados
Dithmenos
Elyvilon
Fedhas
Gozag
Hepliaklqana
Kikubaaqudgha
Makhleb
Nemelex Xobeh
Okawaru
Qazlal
Ru
Sif Muna
Trog
Uskayaw
Vehumet
Wu Jian
Xom
Yredelemnul
Zin
The Shining One
Lugonu

Annotations:
D:8 Askman's ghost, novice MiBe


Innate Abilities, Weirdness & Mutations

Your body is rotting away.
You thrive on raw meat.
You are immune to poison.
You have sharp fingernails.
You are carnivorous and can eat meat at any time.
Your flesh is cold resistant. (rC+)
You are immune to negative energy. (rN+++)
You do not regenerate when monsters are visible.
You are immune to unholy pain and torment.
You can survive without breathing.


Message History

You are engulfed in flames.
You resist.
* * * LOW HITPOINT WARNING * * *
As you read the scroll labeled DOUNAAT QEOF, it crumbles to dust.
Magic quickly surges around you.
It was a scroll of vulnerability.
You block the fire bat's attack. The fire crab breathes flames at you.
As you read the scroll labeled DITTYU ZIONO, it crumbles to dust.
You speak a Word of immense power!
You are blasted by holy energy!
* * * LOW HITPOINT WARNING * * *
It was a scroll of holy word.
You are engulfed in blazing flames.
You resist.
* * * LOW HITPOINT WARNING * * *
The fire bat bites you.
* * * LOW HITPOINT WARNING * * *
You are engulfed in flames.
You resist.
* * * LOW HITPOINT WARNING * * *
The fire crab breathes flames at you. You resist.
You block the fire crab's attack.
It was a potion of magic.
Magic courses through your body. You block the fire crab's attack.
The fire crab bites you.
You die...

#○°...°°# ##.⌠.#...# #####
####○○°#### #..(...... ##...##
#○○☼☼°○°☼.# #⌠.>......
####.....###○○☼°.○○°☼# #.....#...
.#.#......##°°○○°○°○○####.⌠..#..#
...#.......#☼○○[|(°○☼#.####.###..
........#..#☼°°$b(☼°°#..#.###.#..
.....P<....###########....####.#.
#....P........°b@°°........#..##.
...............tt°.............##
.P##......##.#..°°°....##.##.##..
.#####...#..##....#..≈.###.#..#..
.## ###..(.###...#.≈≈≈≈..........
..###.#.#P.##.....≈≈≈≈≈≈≈........
....##...P........≈≈≈≈≈≈....PP...
...........P.#.#..≈≈≈≈≈.>..P#.PP.
.....#......P###P.≈≈≈≈≈≈...(#..PP


You could see 2 fire crabs and 2 fire bats.

Vanquished Creatures
  A frost giant (D:11)
  Josephine (D:11)
  Erolcha (D:11)
  Fannar (D:11)
  2 hydras
  Erica (Lair:2)
  A two-headed ogre (D:4)
  A dancing weapon (D:8)
  Sonja (D:11)
  An unseen horror (D:10)
  An oklob plant (Lair:3)
  A cyclops (D:11)
  A black mamba (Lair:1)
  Joseph (D:10)
  Psyche (D:11)
  A gargoyle (D:10)
  A torpor snail (Lair:4)
  2 centaur skeletons
  7 cane toads
  3 kobold demonologists (D:10)
  2 komodo dragons
  A jumping spider (Lair:2)
  A troll (D:11)
  5 blink frogs (Lair:1)
  5 hippogriffs
  2 redbacks (Lair:2)
  6 wraiths
  A vampire (D:11)
  19 yaks
  A shadow (D:11)
  2 fire elementals (Lair:4)
  A fire bat (Lair:4)
  Grum (D:11)
  A steam dragon (Lair:2)
  3 basilisks
  Menkaure (D:6)
  4 water moccasins
  7 porcupines
  2 sky beasts
  3 ice beasts (D:8)
  A hornet zombie (D:9)
  8 orc warriors
  An eye of draining (D:8)
  2 ogres
  6 phantoms
  4 black bears
  12 wolves
  A necrophage (D:8)
  2 centaurs
  7 crocodiles
  2 big kobolds (D:10)
  11 bullfrogs
  3 scorpions
  9 killer bees
  3 wights (D:8)
  An electric eel (Lair:1)
  5 howler monkeys
  4 centaur zombies
  3 bullfrog zombies
  5 hounds
  4 jellies
  11 orc priests
  8 orc wizards
  2 bullfrog skeletons
  3 iguanas
  9 worker ants
  A statue (D:4)
  11 adders
  A gnoll (D:1)
  2 shadow imps
  2 white imps
  2 ufetubi
  8 oozes
  2 adder zombies
  3 worms
  5 dart slugs
  5 leopard geckos
  34 orcs
  7 giant cockroaches
  7 goblins
  4 hobgoblins
  14 jackals
  7 quokkas
  A ball python (D:2)
  5 bats
  5 frilled lizards
  A jackal skeleton (D:4)
  14 kobolds
  2 leopard gecko zombies
  A quokka skeleton (D:6)
  12 rats
381 creatures vanquished.

Vanquished Creatures (others)
  4 fungi (D:11)
  5 plants
9 creatures vanquished.

Grand Total: 390 creatures vanquished

Notes
Turn   | Place    | Note
-------+----------+-------------------------------------------
     0 | D:1      | Infinimo the Ghoul Monk began the quest for the Orb.
     0 | D:1      | Reached XP level 1. HP: 19/19 MP: 0/0
   113 | D:1      | Reached XP level 2. HP: 9/26 MP: 1/1
   644 | D:1      | Reached skill level 4 in Unarmed Combat
   786 | D:1      | Reached XP level 3. HP: 25/33 MP: 2/2
  1452 | D:2      | Found a hide-covered altar of Uskayaw.
  1642 | D:2      | Found an opulent altar of Gozag.
  1665 | D:2      | Reached XP level 4. HP: 36/40 MP: 3/3
  2112 | D:2      | Reached skill level 5 in Unarmed Combat
  2605 | D:3      | Reached XP level 5. HP: 45/46 MP: 4/4
  3177 | D:3      | Found a glowing silver altar of Zin.
  3730 | D:4      | Noticed a phantom
  3789 | D:4      | Noticed a two-headed ogre
  3829 | D:3      | Killed a phantom
  3829 | D:3      | Reached skill level 5 in Fighting
  3829 | D:3      | Reached skill level 6 in Unarmed Combat
  3829 | D:3      | Reached XP level 6. HP: 37/56 MP: 5/5
  4446 | D:4      | Found a staircase to the Ecumenical Temple.
  4562 | D:4      | Found a radiant altar of Vehumet.
  4567 | Temple   | Entered the Ecumenical Temple
  4718 | Temple   | Became a worshipper of Makhleb the Destroyer
  4718 | Temple   | Reached * piety under Makhleb
  4718 | Temple   | Reached ** piety under Makhleb
  5101 | D:4      | Killed a two-headed ogre
  5101 | D:4      | Reached skill level 8 in Unarmed Combat
  5101 | D:4      | Reached XP level 7. HP: 40/64 MP: 6/6
  5101 | D:4      | Reached XP level 8. HP: 45/71 MP: 7/7
  5242 | D:5      | Entered Level 5 of the Dungeon
  5329 | D:5      | Found a shimmering altar of Xom.
  5385 | D:5      | Reached skill level 9 in Unarmed Combat
  5506 | D:5      | You fall into a shaft and drop 2 floors!
  6020 | D:6      | Reached skill level 10 in Unarmed Combat
  6124 | D:6      | Reached XP level 9. HP: 48/80 MP: 8/8
  6160 | D:6      | Identified the amulet "Solafop" {Reflect *Contam rC+++
                  | Str+2 SH+5}
  6256 | D:6      | Reached *** piety under Makhleb
  6277 | D:6      | Noticed Menkaure
  6414 | D:6      | Killed Menkaure
  6414 | D:6      | Reached skill level 11 in Unarmed Combat
  6717 | D:6      | Found a white marble altar of Elyvilon.
  8234 | D:8      | You fall into a shaft and drop 3 floors!
  8238 | D:11     | Noticed Erolcha
  8240 | D:11     | Noticed Josephine
  8249 | D:11     | Noticed Psyche
  8259 | D:10     | Entered Level 10 of the Dungeon
  8567 | D:10     | Reached skill level 12 in Unarmed Combat
  8686 | D:9      | Found a shimmering altar of Xom.
  8739 | D:9      | Reached XP level 10. HP: 14/91 MP: 4/9
  9881 | D:8      | Reached skill level 13 in Unarmed Combat
 10240 | D:8      | Reached **** piety under Makhleb
 10242 | D:8      | Reached skill level 10 in Fighting
 10366 | D:8      | Found a runed translucent door.
 10367 | D:8      | Found a shimmering altar of Xom.
 10367 | D:8      | Noticed Askman's ghost (novice MiBe)
 10368 | D:8      | Noticed a +4 falchion of chaos
 10404 | D:8      | Killed a +4 falchion of chaos
 11225 | D:8      | Reached skill level 14 in Unarmed Combat
 11400 | D:9      | Found a sacrificial altar of Ru.
 11400 | D:9      | Found a shimmering blue altar of Sif Muna.
 11401 | D:9      | Found an iron altar of Okawaru.
 11472 | D:9      | Reached XP level 11. HP: 99/101 MP: 10/10
 11506 | D:9      | Found a staircase to the Orcish Mines.
 11713 | D:10     | Noticed a sixfirhy
 12232 | D:10     | Noticed Joseph
 12237 | D:10     | Reached ***** piety under Makhleb
 12296 | D:10     | Noticed a soul eater
 12315 | D:10     | Killed Joseph
 12456 | D:10     | Noticed a soul eater
 12464 | D:10     | Reached skill level 15 in Unarmed Combat
 12584 | D:10     | Found a corrupted altar of Lugonu.
 12689 | D:10     | Killed an unseen horror
 13360 | D:11     | Noticed Sonja
 13508 | D:11     | Killed Sonja
 13509 | D:11     | Noticed a cyclops
 13755 | D:11     | Killed Josephine
 13757 | D:11     | Noticed Fannar
 13781 | D:10     | Reached skill level 16 in Unarmed Combat
 13961 | D:11     | Killed a cyclops
 13961 | D:11     | Reached XP level 12. HP: 90/112 MP: 11/11
 14040 | D:11     | Noticed a frost giant
 14045 | D:11     | Killed Erolcha
 14056 | D:11     | Noticed a frost giant
 14530 | D:11     | Killed Fannar
 15062 | D:11     | Noticed Grum
 15087 | D:11     | Killed Grum
 15235 | D:11     | Found a staircase to the Lair.
 15242 | D:11     | Killed a frost giant
 15242 | D:11     | Reached skill level 17 in Unarmed Combat
 15603 | D:11     | Killed Psyche
 15904 | Lair:1   | Entered Level 1 of the Lair of Beasts
 17011 | Lair:2   | Found an opulent altar of Gozag.
 17160 | Lair:2   | Reached XP level 13. HP: 94/122 MP: 12/12
 17442 | Lair:2   | Reached skill level 18 in Unarmed Combat
 17514 | Lair:2   | Found a hole to the Spider Nest.
 17816 | Lair:2   | Noticed Erica
 17832 | Lair:2   | Killed Erica
 18444 | Lair:3   | Reached ****** piety under Makhleb
 19434 | Lair:4   | Found a transporter.
 19474 | Lair:4   | Found a staircase to the Swamp.
 19657 | Lair:4   | Reached skill level 1 in Armour
 19795 | Lair:4   | Found a transporter.
 20000 | Lair:4   | HP: 4/124 [fire crab] (4)]
 20000 | Lair:4   | HP: 1/124 [fire bat (2)]
 20001 | Lair:4   | Slain by a fire crab

Illustrated notes

Levels and vault maps discovered:
D:1:      zaba_arrival_water, layout_basic, kennysheep_nondescript
D:2:      layout_basic, grunt_gozag_statues, eat_drink_and_be_merry_uskayaw,
          first_ration
D:3:      layout_rooms, zin_statuary
D:4:      layout_gridville, vehumet_statue, minmay_temple_entry_proselytizer
D:5:      layout_rooms, lemuel_doored_altar, chequers_decorated_corner
D:6:      layout_loops_cross, lemuel_crystal_altar, uniq_menkaure
D:7:      layout_loops_ring
D:8:      layout_loops_corners, ebering_ghost_xom
D:9:      layout_big_octagon, gammafunk_temple_overflow_forgotten, david_orc_3,
          basic_altar
D:10:     kennysheep_kobold_lugonu_temple, layout_basic,
          hangedman_little_slice_of_home, uniq_joseph
D:11:     minmay_mutant_horseshoe, layout_rooms, grunt_lair_entry_orc_guard_hut,
          corexii_corridor_pit, uniq_josephine, uniq_erolcha, uniq_psyche,
          uniq_sonja, uniq_fannar, uniq_grum
Temple:   dshaligram_water_room_temple
Lair:1:   layout_loops_ring, st_stairs_8, hibernation_bobbens,
          grunt_megastairs_4, serial_bayou_shore_b, serial_bayou_shore_a,
          infiniplex_staircase_pool_2
Lair:2:   layout_long_grid, spider_nest_entry_funnel_web, basic_altar,
          uniq_erica
Lair:3:   layout_cave_pods
Lair:4:   gammafunk_cloud_chamber, layout_misc_corridors, swamp_mist,
          st_stairs_8, grunt_megastairs_2, infiniplex_staircase_pool

Skill      XL: |  1  2  3  4  5  6  7  8  9 10 11 12 13 |
---------------+----------------------------------------+-----
Unarmed Combat | 4 5 6 8 10 12 14 16 17 18 | 18.8
Fighting       | 4 5 6 7 9 10 12 13 14 | 14.1
Armour         | 1 |  1.3
Dodging        | |  2.7
Stealth        | |  2.1

Action                   |  1- 3 |  4- 6 |  7- 9 | 10-12 | 13-15 || total
-------------------------+-------+-------+-------+-------+-------++-------
Melee: Unarmed           |   120 |   187 |   327 |   774 |   171 ||  1579
       Punch             |       |     2 |    10 |    52 |    11 ||    75
Invok: Minor Destruction |       |     1 |       |       |       ||     1
  Use: Scroll            |       |    16 |    10 |     2 |     2 ||    30
       Potion            |       |     6 |     2 |     4 |     2 ||    14
 Stab: Sleeping          |     3 |     4 |     1 |       |       ||     8
       Distracted        |       |       |     1 |       |       ||     1
  Eat: Chunk             |     2 |    10 |    11 |    25 |     8 ||    56
Armor: Robe              |    30 |    21 |       |       |       ||    51
       Leather armour    |       |       |    42 |    36 |       ||    78
       Scale mail        |       |       |       |    23 |       ||    23
       Plate armour      |       |       |       |   191 |    82 ||   273
Dodge: Dodged            |    83 |   106 |   249 |   373 |    89 ||   900
Block: Other             |       |       |    70 |   158 |    37 ||   265
       Reflection        |       |       |     3 |     2 |       ||     5

Table legend:
 A = Non-vault XP
 B = Vault XP
 C = Vault XP percentage of total XP
 D = Non-vault monster count
 E = Vault monster count
 F = Vault count percentage of total count
                 A         B        C        D         E       F
            +---------+---------+-------+---------+---------+-------
      Total |   27584 |   15520 |  36.0 |     322 |      59 |  15.5
            +---------+---------+-------+---------+---------+-------
        D:1 |      70 |       0 |   0.0 |      25 |       0 |   0.0
        D:2 |      70 |       0 |   0.0 |      26 |       0 |   0.0
        D:3 |     266 |       0 |   0.0 |      24 |       0 |   0.0
        D:4 |     955 |      75 |   7.3 |      10 |       2 |  16.7
        D:5 |     138 |       0 |   0.0 |       9 |       0 |   0.0
        D:6 |     993 |     172 |  14.8 |      24 |       1 |   4.0
        D:7 |     788 |       0 |   0.0 |      22 |       0 |   0.0
        D:8 |    2791 |    1054 |  27.4 |      46 |       4 |   8.0
        D:9 |    1285 |     145 |  10.1 |      17 |       4 |  19.0
       D:10 |    3935 |    2626 |  40.0 |      44 |      17 |  27.9
       D:11 |    2897 |    7621 |  72.5 |      19 |      16 |  45.7
     Lair:1 |    5411 |       0 |   0.0 |      23 |       0 |   0.0
     Lair:2 |    2771 |    1665 |  37.5 |      10 |       4 |  28.6
     Lair:3 |    3769 |       0 |   0.0 |      20 |       0 |   0.0
     Lair:4 |    1445 |    2162 |  59.9 |       3 |      11 |  78.6
            +---------+---------+-------+---------+---------+-------
